Map: Abyssal Reef LE

Players

LiquidTLO (TLO) - Winner!

  • Race: Zerg Zerg
  • League: Master
  • Spawn Location: 5:00

Indy

  • Race: Protoss Protoss
  • League: Master
  • Spawn Location: 11:00

VOD

Have the link to the VOD?

Description

Time

  • Played on: Nov. 19, 2017, 10:36 a.m.
  • Length: 12:56
Show
View Real Time Build Order
Export as new Build Order

LiquidTLO Zerg - Winner!

Build Orders: Pool First, Lurkers 

Get SALT Encoding   

  12  0:17  Spawning Pool  
  11  0:22  Drone  
  11  0:27  Drone  
  13  0:32  Drone  
  14  0:40  Overlord  
  14  1:04  Zergling x4  
  16  1:06  Zergling x2  
  17  1:20  Zergling x2  
  18  1:27  Hatchery  
  18  1:32  Zergling x2  
  18  1:41  Zergling x2  
  19  1:50  Zergling x2  
  20  2:00  Zergling x2  
  21  2:11  Zergling x2  
  22  2:39  Drone x3  
  25  2:45  Drone  
  23  2:52  Drone  
  24  3:06  Queen  
  26  3:14  Drone  
  26  3:16  Drone x2  
  25  3:20  Zergling x2  
  25  3:23  Drone, Extractor  
  25  3:32  Queen  
  28  3:37  Overlord  
  28  3:42  Extractor  
  28  3:45  Zergling x2  
  28  3:50  Extractor  
  28  3:51  Drone  
  28  3:52  Drone, Extractor x2  
  28  3:53  Zergling x2  
  31  3:57  Drone  
  31  3:59  Drone  
  34  4:02  Drone  
  34  4:05  Drone  
  35  4:13  Drone  
  36  4:20  Drone  
  35  4:24  Drone  
  35  4:27  Overlord  
  35  4:30  Extractor, Overlord  
  35  4:31  Extractor  
  34  4:34  Drone  
  37  4:46  Hatchery  
  37  4:49  Drone  
  37  4:50  Drone  
  38  4:53  Drone  
  38  4:55  Drone  
  38  4:59  Metabolic Boost  
  40  5:01  Drone  
  40  5:03  Drone  
  40  5:05  Drone  
  43  5:07  Drone  
  43  5:08  Drone  
  43  5:11  Drone  
  43  5:13  Drone  
  47  5:14  Drone  
  47  5:18  Overlord  
  48  5:23  Queen  
  48  5:28  Spore Crawler  
  49  5:29  Spore Crawler  
  49  5:32  Spore Crawler  
  47  5:37  Drone, Spore Crawler  
  47  5:40  Drone  
  47  5:41  Zergling x2  
  47  5:42  Zergling x2  
  50  5:43  Drone  
  50  5:44  Drone  
  52  5:57  Overlord  
  52  5:59  Spore Crawler x2, Queen  
  52  6:00  Drone x2  
  52  6:03  Drone x2  
  56  6:05  Drone  
  56  6:07  Drone  
  56  6:10  Overlord  
  58  6:14  Overlord  
  58  6:17  Lair  
  58  6:19  Drone  
  58  6:21  Drone  
  58  6:22  Drone  
  58  6:24  Drone  
  58  6:25  Drone  
  63  6:26  Drone  
  63  6:30  Extractor  
  63  6:31  Drone, Extractor  
  63  6:32  Drone x2  
  65  6:34  Drone  
  65  6:36  Drone  
  65  6:37  Drone  
  65  6:39  Zergling x2  
  68  6:40  Drone  
  68  6:41  Drone  
  68  6:44  Drone  
  68  6:45  Drone  
  68  6:46  Drone  
  71  6:53  Drone, Zergling x2  
  73  6:54  Drone x3  
  73  6:55  Zergling x2  
  73  6:59  Extractor x2  
  73  7:00  Extractor  
  72  7:02  Zergling x4  
  72  7:03  Zergling x2  
  72  7:04  Drone  
  74  7:11  Zergling x4  
  74  7:14  Spore Crawler  
  74  7:15  Spore Crawler  
  73  7:18  Burrow  
  73  7:19  Zergling x2, Infestation Pit  
  73  7:21  Zergling x4  
  75  7:26  Spore Crawler, Queen  
  75  7:29  Drone  
  77  7:31  Drone x2  
  79  7:37  Drone x2  
  79  7:38  Drone  
  82  7:50  Spore Crawler  
  82  7:51  Drone  
  82  7:55  Spore Crawler  
  81  7:59  Pathogen Glands  
  81  8:00  Drone  
  81  8:01  Zergling x2  
  80  8:07  Zergling x2  
  80  8:09  Zergling x2  
  80  8:11  Overlord x2  
  80  8:17  Spore Crawler  
  74  8:23  Hatchery, Infestor x3  
  74  8:24  Infestor  
  74  8:25  Infestor  
  82  8:29  Overlord x2  
  82  8:37  Drone, Hydralisk Den, Evolution Chamber x2, Zergling x2  
  82  8:38  Drone  
  82  8:39  Drone  
  83  8:44  Infestor  
  83  8:45  Zergling x4  
  83  8:47  Zergling x4  
  89  8:49  Zergling x2  
  89  8:52  Drone  
  89  8:53  Drone x2  
  89  8:54  Drone  
  93  8:56  Zergling x2, Neural Parasite  
  93  8:57  Infestor  
  93  8:59  Zergling x2  
  96  9:04  Pneumatized Carapace  
  96  9:05  Infestor  
  96  9:09  Drone x4  
  101  9:11  Drone  
  101  9:13  Extractor  
  101  9:14  Extractor  
  100  9:23  Zerg Missile Weapons Level 1  
  100  9:26  Zergling x2  
  100  9:32  Drone  
  100  9:33  Zerg Ground Armor Level 1  
  100  9:34  Drone x2, Muscular Augments  
  100  9:35  Drone x6  
  100  9:36  Drone  
  100  9:37  Drone  
  109  9:39  Hydralisk  
  109  9:43  Hydralisk  
  109  9:44  Hydralisk  
  113  9:47  Overlord  
  113  9:51  Zergling x2  
  114  9:53  Hydralisk  
  114  9:55  Hydralisk  
  118  10:01  Hydralisk, Overlord  
  120  10:09  Hydralisk x2  
  120  10:12  Hydralisk  
  124  10:14  Hydralisk  
  124  10:16  Hydralisk x2  
  124  10:20  Zergling x2  
  124  10:21  Drone, Zergling x2  
  131  10:22  Hydralisk x2  
  131  10:25  Overlord  
  131  10:27  Overlord  
  135  10:33  Overlord  
  135  10:34  Lurker Den  
  134  10:36  Hive  
  134  10:38  Overlord  
  134  10:39  Overlord  
  134  10:40  Overlord  
  134  10:44  Hydralisk x2  
  134  10:49  Drone  
  139  10:59  Hydralisk x4  
  139  11:00  Hydralisk  
  149  11:05  Hatchery  
  149  11:08  Hydralisk x4  
  149  11:11  Hydralisk  
  156  11:12  Hydralisk, Zergling x2  
  156  11:14  Zergling x2  
  156  11:16  Zergling x4  
  156  11:17  Hydralisk  
  166  11:21  Hydralisk x2  
  170  11:26  Zergling x2  
  170  11:27  Zergling x2  
  170  11:28  Zergling x2  
  170  11:29  Zergling x2  
  170  11:32  Zergling x2  
  175  11:37  Overlord  
  175  11:43  Overlord  
  175  11:46  Overlord  
  175  11:51  Overlord x2  
  175  11:55  Overlord x3  
  175  11:58  Overlord  
  175  11:59  Overseer  
  175  12:01  Hydralisk x2  
  174  12:02  Hydralisk x2, Zergling x2  
  174  12:04  Overlord  
  174  12:05  Lurker  
  174  12:06  Lurker  
  174  12:07  Zergling x2  
  186  12:09  Hydralisk, Infestor  
  186  12:10  Infestor x4  
  186  12:11  Zergling x2  
  186  12:12  Zergling x4  
  191  12:20  Hydralisk, Zergling x2  
  191  12:21  Zergling x2  
  191  12:22  Zergling x4  
  188  12:23  Zergling x4  
  188  12:24  Lurker x3  
  188  12:25  Lurker x2  
  188  12:26  Zergling x2  
  188  12:27  Zergling x4  
  188  12:29  Zergling x2  
  197  12:30  Zergling x2  
  197  12:35  Zergling x4  
  197  12:38  Zergling x2  
Show
View Real Time Build Order
Export as new Build Order

Indy Protoss 

Build Orders:  

Get SALT Encoding   

  12  0:00  Probe  
  13  0:12  Probe  
  14  0:20  Pylon  
  14  0:24  Probe  
  15  0:39  Probe (Chrono Boost)  
  16  0:49  Probe (Chrono Boost)  
  17  0:52  Gateway  
  17  0:53  Probe  
  18  0:58  Assimilator  
  18  1:05  Probe  
  18  1:07  Pylon  
  19  1:17  Probe  
  20  1:28  Pylon  
  20  1:29  Probe  
  20  1:31  Gateway  
  21  1:39  Cybernetics Core  
  21  1:40  Zealot (Chrono Boost)  
  23  1:51  Pylon  
  23  1:57  Zealot (Chrono Boost)  
  23  2:01  Pylon  
  25  2:17  Shield Battery, Zealot (Chrono Boost), Adept (Chrono Boost)  
  25  2:22  Shield Battery  
  29  2:34  Pylon  
  29  2:42  Adept  
  31  2:52  Probe  
  30  3:04  Probe (Chrono Boost)  
  31  3:07  Nexus  
  31  3:16  Probe (Chrono Boost)  
  30  3:21  Probe (Chrono Boost)  
  31  3:30  Probe  
  32  3:39  Cybernetics Core  
  32  3:41  Assimilator  
  32  3:43  Probe  
  33  3:55  Probe  
  34  3:56  Zealot  
  36  4:02  Pylon  
  36  4:07  Probe  
  37  4:19  Probe  
  37  4:22  Probe (Chrono Boost)  
  37  4:27  Stargate  
  37  4:29  Stargate  
  36  4:31  Probe (Chrono Boost)  
  36  4:34  Probe (Chrono Boost)  
  36  4:36  Stalker  
  40  4:42  Probe x2 (Chrono Boost), Warp Gate  
  40  4:45  Probe  
  42  4:48  Assimilator, Probe  
  42  4:51  Assimilator  
  43  4:57  Probe  
  44  5:00  Probe  
  44  5:01  Pylon  
  45  5:09  Probe  
  45  5:12  Probe, Oracle (Chrono Boost)  
  45  5:13  Oracle (Chrono Boost)  
  53  5:21  Probe  
  53  5:25  Probe  
  55  5:33  Pylon  
  55  5:34  Probe  
  56  5:37  Probe  
  57  5:46  Probe  
  57  5:48  Oracle x2 (Chrono Boost)  
  57  5:49  Probe  
  65  5:53  Nexus  
  65  5:58  Probe  
  65  6:01  Pylon, Probe  
  67  6:10  Probe  
  68  6:13  Probe, Oracle  
  68  6:14  Oracle  
  75  6:22  Probe  
  75  6:25  Probe  
  77  6:29  Shield Battery x2  
  77  6:32  Zealot, Pylon  
  79  6:34  Probe  
  79  6:39  Probe  
  81  6:45  Shield Battery  
  81  6:46  Probe (Chrono Boost)  
  82  6:47  Shield Battery  
  82  6:50  Oracle x2  
  82  6:51  Probe (Chrono Boost)  
  86  6:55  Pylon  
  86  6:58  Probe (Chrono Boost)  
  86  7:03  Probe (Chrono Boost)  
  86  7:06  Pylon, Probe x3 (Chrono Boost)  
  88  7:12  Probe  
  89  7:15  Assimilator  
  89  7:16  Assimilator  
  89  7:17  Probe  
  89  7:18  Probe  
  91  7:24  Probe, Forge  
  91  7:25  Forge  
  91  7:26  Twilight Council  
  91  7:29  Probe  
  93  7:30  Probe  
  93  7:31  Oracle  
  93  7:33  Oracle  
  93  7:37  Probe  
  101  7:39  Blink  
  101  7:41  Probe  
  101  7:42  Probe  
  103  7:46  Protoss Ground Weapons Level 1 (Chrono Boost)  
  103  7:47  Sentry, Protoss Ground Armor Level 1 (Chrono Boost)  
  103  7:48  Pylon  
  103  7:49  Pylon, Probe  
  96  8:15  Probe x2  
  96  8:16  Probe  
  97  8:29  Gateway  
  97  8:31  Nexus  
  97  8:32  Gateway  
  97  8:34  Pylon  
  97  8:35  Gateway  
  97  8:36  Pylon  
  97  8:43  Robotics Facility  
  97  8:46  Stalker  
  97  8:48  Probe x3  
  102  8:53  Shield Battery x2  
  102  8:55  Shield Battery  
  102  8:58  Shield Battery  
  102  9:03  Nexus  
  102  9:09  Sentry  
  104  9:15  Pylon  
  104  9:18  Pylon, Photon Cannon x2  
  104  9:20  Photon Cannon  
  104  9:21  Protoss Ground Armor Level 2 (Chrono Boost), Protoss Ground Weapons Level 2 (Chrono Boost)  
  104  9:24  Charge  
  104  9:29  Stalker x3  
  107  9:33  Probe x3  
  107  9:35  Assimilator  
  108  9:38  Assimilator  
  108  9:39  Warp Prism  
  110  9:48  Gateway x2  
  110  9:51  Gateway  
  110  9:56  Sentry  
  110  9:57  Sentry x2  
  110  10:21  Stalker x4  
  109  10:33  Observer  
  110  10:42  Gateway  
  110  10:43  Gateway  
  110  10:45  Gateway  
  110  10:46  Gateway  
  110  10:50  Stalker x3, Gateway  
  110  10:51  Stalker x4  
  110  10:54  Gateway  
  124  11:03  Photon Cannon  
  124  11:05  Shield Battery  
  124  11:16  Stalker  
  124  11:17  Stalker x6  
  135  11:26  Templar Archives  
  135  11:28  Probe x3  
  135  11:29  Probe  
  139  11:40  Probe x2  
  139  11:41  Probe  
  139  11:45  Adept  
  144  11:47  Stalker x11  
  144  11:53  Pylon  
  166  11:56  Pylon  
  166  12:11  High Templar x5  
  166  12:12  High Templar x2  
  166  12:13  High Templar x2  
  166  12:15  High Templar  
  186  12:16  Zealot x2  
  177  12:23  Archon x3  
  177  12:24  Archon x2  
  177  12:33  Observer  
  176  12:43  Zealot x7  
  176  12:44  Zealot  
Tags
 
Composition
Lurkers
Matchup
PvZ
Opening
Pool First
Player
IndyTLO
Spawn Locations
Cross Positions
Add a new tag
Caveats
  • Supply blocks, unpowered buildings, or Contaminate may cause inaccurate times.
  • Supply counts are checked every 10 seconds.